 Dungeon Crawl Stone Soup version 0.31-a0-1338-gb567cfdca4 (webtiles) character file.

Game seed: 8691791553451802740

634 grandjackal the Trooper (level 7, -2/76 HPs)
             Began as an Oni Gladiator on Dec 21, 2023.
             Slain by Pikel
             ... wielding a +2 whip of flaming
              (3 damage)
             ... on level 5 of the Dungeon.
             The game lasted 00:04:08 (3578 turns).

grandjackal the Trooper (Oni Gladiator)             Turns: 3578, Time: 00:04:09

Health: -2/76      AC:  5    Str: 21    XL:     7   Next: 49%
Magic:  7/7        EV: 10    Int:  9    God:
Gold:   173        SH:  0    Dex: 10    Spells: 6/6 levels left

rFire   . . .        n - +1 spear "Fetsuyl" {flame, rPois Will- SInv}
rCold   . . .        (no shield)
rNeg    . . .        G - +0 troll leather armour
rPois   +            c - +0 hat
rElec   .            y - +0 cloak
rCorr   .            (gloves unavailable)
SInv    +            (boots unavailable)
Will    .....        (no amulet)
Stlth   +            F - ring of willpower
HPRegen 1.12/turn    (no ring)
MPRegen 0.10/turn

%: no passive effects
@: no status effects
A: drunken brawling, large, unfitting armour, horns 1, tough skin 1, double
potion healing
a: no special abilities


You were on level 5 of the Dungeon.
You visited 1 branch of the dungeon, and saw 5 of its levels.

You collected 243 gold pieces.
You spent 70 gold pieces at shops.

Inventory:

Hand Weapons
 a - a +0 flail
 n - the +1 spear "Fetsuyl" (weapon) {flame, rPois Will- SInv}
   (You found it on level 2 of the Dungeon)

   rPois:     It protects you from poison Will-: It decreases your willpower.
   SInv:      It lets you see invisible.
Missiles
 d - 2 throwing nets
 e - a large rock
 h - 3 javelins (quivered)
 A - a boomerang
Armour
 c - a +0 hat (worn)
 y - a +0 cloak (worn)
 G - a +0 troll leather armour (worn)
Jewellery
 u - the ring of the Skies Above {Fire Str+4}
   (You found it on level 3 of the Dungeon)

   [ring of fire]

   Fire:      It enhances your fire magic.
   Str+4:     It affects your strength (+4).
   rF+:       It protects you from fire.
   rC-:       It makes you vulnerable to cold.
 F - a ring of willpower (left hand)
Wands
 b - a wand of flame (16)
Scrolls
 f - 2 scrolls of fog
 k - 2 scrolls of teleportation {unknown}
 l - a scroll of noise {unknown}
 m - 2 scrolls of blinking {unknown}
 o - 2 scrolls of immolation {unknown}
 t - 2 scrolls of vulnerability {unknown}
 x - a scroll of poison {unknown}
 B - 4 scrolls of identify {unknown}
 D - a scroll of summoning {unknown}
 E - a scroll of enchant weapon {unknown}
Potions
 g - a potion of might {unknown}
 i - 4 potions of attraction {unknown}
 j - 4 potions of curing
 p - a potion of haste {unknown}
 q - 3 potions of brilliance {unknown}
 r - 2 potions of invisibility {unknown}
 s - a potion of cancellation {unknown}
 v - 2 potions of mutation {unknown}
 w - 2 potions of lignification {unknown}
 z - a potion of heal wounds {unknown}
 C - a potion of degeneration {unknown}


   Skills:
 + Level 6.5 Fighting
 + Level 5.3 Maces & Flails
 + Level 3.0 Throwing
 - Level 4.4 Dodging


You had 6 spell levels left.
You didn't know any spells.
Your spell library contained the following spells:

 Spells                   Type           Power      Damage    Failure   Level
 Apportation              Tloc           0%         N/A       43%         1
 Necrotise                Necr           0%         1d4       43%         1
 Sting                    Conj/Alch      0%         1d3       43%         1
 Summon Small Mammal      Summ           0%         N/A       43%         1
 Blink                    Tloc           0%         N/A       56%         2
 Jinxbite                 Hex            0%         N/A       56%         2
 Lesser Beckoning         Tloc           0%         N/A       56%         2
 Momentum Strike          Conj/Tloc      0%         3d8       56%         2
 Scorch                   Fire           0%         2d5       56%         2
 Flame Wave               Conj/Fire      0%         2d4       99%         4
 Yara's Violent Unravell  Hex/Alch       0%         3d3       100%        5
 Summon Cactus Giant      Summ           0%         N/A       100%        6
 Enfeeble                 Hex            0%         N/A       100%        7


Dungeon Overview and Level Annotations

Branches:
Dungeon (5/15)
 Temple: D:4-7

Altars:
Elyvilon
Fedhas
Nemelex Xobeh
Qazlal
Zin

Shops:
D:3 *   D:4 (

Annotations:
D:5 Pikel


Innate Abilities, Weirdness & Mutations

Whenever you drink a potion that restores your health or magic, you attack all enemies around you.
You are too large for most types of armour.
You have a pair of small horns on your head.
You have tough skin. (AC +1)
Whenever you drink a potion that restores your health or magic, it restores twice as much.


Message History

Pikel burns you.
You hit Pikel but do no damage. You punch Pikel.
Pikel is severely wounded.
Pikel says, "Hell isn't that bad."
Pikel hits you with a +2 whip of flaming!
* * * LOW HITPOINT WARNING * * *
Pikel burns you.
* * * LOW HITPOINT WARNING * * *
You hit Pikel but do no damage.
Pikel is severely wounded.
Pikel hits you with a +2 whip of flaming.
* * * LOW HITPOINT WARNING * * *
Pikel burns you.
* * * LOW HITPOINT WARNING * * *
You hit Pikel. You burn Pikel. Your headbutt misses Pikel.
Pikel is almost dead.
Pikel hits you but does no damage.
You hit Pikel. You burn Pikel.
Pikel is almost dead.
Pikel hits you with a +2 whip of flaming.
* * * LOW HITPOINT WARNING * * *
Pikel burns you.
* * * LOW HITPOINT WARNING * * *
You hit Pikel. You burn Pikel.
Pikel is almost dead.
Pikel hits you with a +2 whip of flaming.
* * * LOW HITPOINT WARNING * * *
Pikel burns you.
* * * LOW HITPOINT WARNING * * *
You barely miss Pikel.
Pikel is almost dead.
Pikel hits you with a +2 whip of flaming.
* * * LOW HITPOINT WARNING * * *
Pikel burns you.
* * * LOW HITPOINT WARNING * * *
Pikel hits you with a +2 whip of flaming.
* * * LOW HITPOINT WARNING * * *
Pikel burns you.
You die...
Pikel says, "See you in Hell!"

...........................#
........###......##........#
...........................#
............#....###.......#
............#.#..........<.#
...#.............................
..........##########..##.......##
.....###..+ ######.#######....#
.†...###### #.@K55.# ..#.#
...<...# #..#55.(... .# #
........+ ##'##o.##.. # ........#
#...#.... ......#####
#+#...#+#.... ......+...+
#.......###..
..#####...#####...### .
..'.#.......#.'...+
###.#'#...#+#.#####


You could see Pikel, 4 lemures and an orc.

Vanquished Creatures
  A troll (D:5)
  A black bear (D:4)
  A howler monkey (D:4)
  A jelly (D:5)
  An orc priest (D:4)
  Jessica (D:3)
  Terence (D:3)
  An orc wizard (D:4)
  3 gnolls (D:4)
  4 adders
  A bombardier beetle (D:3)
  2 worms (D:2)
  4 dart slugs
  10 orcs
  4 endoplasms
  3 giant cockroaches
  3 goblins
  6 hobgoblins
  3 jackals (D:3)
  7 kobolds
  2 quokkas
  5 ball pythons
  6 bats
  4 frilled lizards
  2 rats (D:1)
77 creatures vanquished.

Notes
Turn   | Place    | Note
-------+----------+-------------------------------------------
     0 | D:1      | grandjackal the Oni Gladiator began the quest for the Orb.
     0 | D:1      | Reached XP level 1. HP: 22/22 MP: 1/1
   118 | D:1      | Reached skill level 3 in Fighting
   152 | D:1      | Reached XP level 2. HP: 30/31 MP: 2/2
   739 | D:1      | Found a faded altar of an unknown god.
   895 | D:2      | Reached XP level 3. HP: 37/37 MP: 3/3
   914 | D:2      | Identified the +1 spear "Fetsuyl" {flame, rPois Will- SInv}
  1431 | D:2      | Found a white marble altar of Elyvilon.
  1593 | D:3      | Found Erhemmo's General Store.
  1594 | D:3      | Noticed Terence
  1595 | D:3      | Identified the ring of the Skies Above {Fire Str+4}
  1609 | D:3      | Reached skill level 4 in Fighting
  1609 | D:3      | Reached XP level 4. HP: 45/48 MP: 4/4
  1615 | D:3      | Killed Terence
  1680 | D:3      | Bought a potion of curing for 30 gold pieces
  1680 | D:3      | Bought a scroll of fog for 40 gold pieces
  1897 | D:3      | Found a blossoming altar of Fedhas.
  1907 | D:3      | Noticed Jessica
  1912 | D:3      | Killed Jessica
  1913 | D:3      | Reached XP level 5. HP: 49/55 MP: 5/5
  2448 | D:4      | Noticed a black bear
  2454 | D:4      | Killed a black bear
  2455 | D:4      | Reached skill level 5 in Fighting
  2455 | D:4      | Reached XP level 6. HP: 66/66 MP: 6/6
  2502 | D:4      | Found Veocih's Weapon Emporium.
  3161 | D:5      | Entered Level 5 of the Dungeon
  3194 | D:5      | Noticed a troll
  3209 | D:5      | Killed a troll
  3210 | D:5      | Reached skill level 6 in Fighting
  3210 | D:5      | Reached skill level 5 in Maces & Flails
  3210 | D:5      | Reached XP level 7. HP: 25/76 MP: 7/7
  3421 | D:5      | Found a stormy altar of Qazlal.
  3423 | D:5      | Found a glowing silver altar of Zin.
  3459 | D:5      | Found a sparkling altar of Nemelex Xobeh.
  3554 | D:5      | Noticed Pikel
  3578 | D:5      | HP: 1/76 [Pikel/+2 whip of flaming (6)]
  3578 | D:5      | Slain by Pikel

Illustrated notes

Levels and vault maps discovered:
D:1:      onia_arrival_pentagram, layout_basic, ebering_ecumenical_altar_box
D:2:      layout_loops_ring, basic_altar, dreamdust_mushroom_princess
D:3:      layout_loops_ring, mainiacjoe_overflow_alcove_1, serial_shops,
          nicolae_shop_pleasant_corner_grove, uniq_jessica, uniq_terence
D:4:      layout_cave_pools, serial_shops, nicolae_shop_waterfront,
          kennysheep_flooded_box, roderic_lattice_a,
          nicolae_figureground_sparkle
D:5:      nicolae_cairo_tiling_large, layout_rooms,
          gammafunk_temple_overflow_forgotten, serial_shops,
          nicolae_shop_tiny_waterfront, serial_bayou_lake_a, uniq_edmund,
          uniq_pikel

Skill      XL: |  1  2  3  4  5  6  7 |
---------------+----------------------+-----
Fighting       | 3 4 5 6 |  6.5
Dodging        | 3 4 |  4.4
Maces & Flails | 4 5 |  5.3
Throwing       | 3 |  3.0

Action                     |  1- 3 |  4- 6 |  7- 9 || total
---------------------------+-------+-------+-------++-------
  Melee: Flail             |    43 |       |       ||    43
         Headbutt          |    10 |    21 |     3 ||    34
         Spear             |    49 |   108 |    35 ||   192
         Punch             |     1 |       |     1 ||     2
  Throw: Large rock        |       |     1 |       ||     1
         Boomerang         |       |     4 |       ||     4
         Javelin           |       |     3 |     2 ||     5
         Throwing net      |       |     1 |       ||     1
   Stab: Sleeping          |     2 |     2 |       ||     4
         Held in net/web   |       |     1 |       ||     1
 Armour: Robe              |    59 |    39 |       ||    98
         Troll leather arm |       |       |    28 ||    28
  Dodge: Dodged            |    44 |    49 |    12 ||   105

Table legend: (Time is in decaauts)
 A = Elapsed time spent in this place.
 B = Non-inter-level travel time spent in this place.
 C = Inter-level travel time spent in this place.
 D = Time resting spent in this place.
 E = Time spent auto-exploring this place.
 F = Levels seen in this place.
 G = Mean time per level.
                   A        B        C        D        E       F      G
               +--------+--------+--------+--------+--------+-----+--------+
         Total |   3608 |   3448 |    160 |    234 |   2538 |   5 |  721.6 |
       Dungeon |   3608 |   3448 |    160 |    234 |   2538 |   5 |  721.6 |
               +--------+--------+--------+--------+--------+-----+--------+

Top non-repeatable levels by time:
     D:4: 934 daAuts
     D:1: 887 daAuts
     D:3: 737 daAuts
     D:2: 626 daAuts
     D:5: 422 daAuts
